 Dungeon Crawl Stone Soup version 0.30-a0-1018-g25214051b3 (webtiles) character file.

Game seed: 5470085355191499083

3545 BlueFish the Covert (level 10, -4/65 HPs)
             Began as an Octopode Warper on Apr 7, 2023.
             Was a Follower of Cheibriados.
             Shot with an arrow by a centaur (11 damage)
             ... on level 8 of the Dungeon.
             The game lasted 00:26:50 (9566 turns).

BlueFish the Covert (Octopode Warper)               Turns: 9566, Time: 00:26:50

Health: -4/65      AC:  1    Str: 17    XL:     10   Next: 9%
Magic:  0/16       EV: 15    Int: 20    God:    Cheibriados [*.....]
Gold:   317        SH:  0    Dex: 14    Spells: 1/17 levels left

rFire   . . .      SeeInvis .      - Unarmed
rCold   . . .      Faith    .    (no shield)
rNeg    . . .      Spirit   .    (helmet restricted)
rPois   .          Reflect  .    j - amulet of regeneration
rElec   .          Rampage  .    l - ring of flight
rCorr   .                        n - +4 ring of slaying
Will    .....                    d - ring of wizardry
Stlth   +++++                    (no ring)
HPRegen 1.10/turn                (no ring)
MPRegen 0.15/turn                (no ring)
                                 (no ring)
                                 (no ring)

@: mighty, lethally poisoned (-4 -> -13), weakened, on blink cooldown, flying,
slowed, very slow
A: almost no armour, amphibious, 8 rings, camouflage 1, gelatinous body 1,
(nimble swimmer 1), tentacles
a: Renounce Religion, Bend Time


You were on level 8 of the Dungeon.
You worshipped Cheibriados.
Cheibriados was aware of your devotion.
You visited 2 branches of the dungeon, and saw 9 of its levels.
You also visited: Ossuary.

You collected 375 gold pieces.
You spent 58 gold pieces at shops.

Inventory:

Missiles
 b - 7 boomerangs of dispersal
 f - 69 stones (quivered)
 h - 4 atropa-tipped darts
 x - 6 boomerangs
 E - 7 poisoned darts
 F - 5 javelins
Jewellery
 d - a ring of wizardry (on tentacle)
 j - an amulet of regeneration (around mantle)
 l - a ring of flight (left tentacle)
 n - a +4 ring of slaying (right tentacle)
 J - a ring of ice
Wands
 y - a wand of charming (4)
 z - a wand of iceblast (9)
 G - a wand of flame (24)
Scrolls
 a - 2 scrolls of blinking
 c - 4 scrolls of teleportation
 e - 3 scrolls of enchant weapon
 i - a scroll of silence
 k - 2 scrolls of identify
 o - 5 scrolls of magic mapping
 p - a scroll of enchant armour {unknown}
 q - a scroll of brand weapon {unknown}
 r - a scroll of immolation
 u - a scroll of fog
 v - a scroll of torment
 C - 2 scrolls of poison {unknown}
 H - a scroll of amnesia {unknown}
 M - a scroll of fear {unknown}
Potions
 g - 4 potions of curing
 m - a potion of heal wounds
 s - a potion of invisibility {unknown}
 t - 2 potions of magic
 w - a potion of brilliance {unknown}
 A - 3 potions of ambrosia {unknown}
 B - 4 potions of flight {unknown}
 D - 2 potions of might
 I - a potion of berserk rage {unknown}
 K - a potion of attraction {unknown}
 L - a potion of cancellation {unknown}


   Skills:
 + Level 4.5 Fighting
 + Level 4.0 Throwing
 + Level 4.7 Dodging
 * Level 8.3 Stealth
 + Level 4.5 Unarmed Combat
 + Level 4.1 Spellcasting
 + Level 5.1 Translocations
 + Level 3.3 Transmutations
 * Level 6.4 Poison Magic
 + Level 1.9 Invocations
 + Level 3.6 Evocations


You had one spell level left.
You knew the following spells:

 Your Spells              Type           Power      Damage    Failure   Level
a - Blink                 Tloc           48%        N/A       1%          2
b - Lesser Beckoning      Tloc           48%        N/A       1%          2
c - Teleport Other        Tloc           24%        N/A       1%          3
d - Sting                 Tmut/Pois      92%        1d7       1%          1
e - Poisonous Vapours     Pois/Air       34%        N/A       1%          2
f - Beastly Appendage     Tmut           34%        N/A       1%          1
g - Wereblood             Tmut           17%        N/A       1%          2
h - Spider Form           Tmut/Pois      23%        N/A       1%          3

Your spell library contained the following spells:

 Spells                   Type           Power      Damage    Failure   Level
 Olgreb's Toxic Radiance  Pois           30%        N/A       3%          4
 Vhi's Electric Charge    Tloc/Air       28%        N/A       5%          3
 Manifold Assault         Tloc           24%        N/A       6%          4
 Sublimation of Blood     Necr           4%         N/A       8%          2
 Petrify                  Tmut/Erth      10%        N/A       26%         4
 Summon Forest            Summ/Tloc      7%         N/A       43%         5
 Irradiate                Conj/Tmut      5%         3d13      54%         5
 Dispersal                Tloc           12%        N/A       65%         6
 Eringya's Noxious Bog    Tmut/Pois      11%        N/A       67%         6
 Summon Mana Viper        Hex/Summ       4%         N/A       77%         5
 Summon Cactus Giant      Summ           2%         N/A       99%         6
 Summon Hydra             Summ           2%         N/A       100%        7
 Disjunction              Tloc           12%        N/A       100%        8


Dungeon Overview and Level Annotations

Branches:
Dungeon (8/15)             Temple (1/1) D:7         Ossuary (visited)
   Lair: D:8-11

Altars:
Ashenzari
Cheibriados
Dithmenos
Elyvilon
Fedhas
Gozag
Hepliaklqana
Kikubaaqudgha
Makhleb
Nemelex Xobeh
Okawaru
Qazlal
Ru
Sif Muna
Trog
Uskayaw
Vehumet
Wu Jian
Xom
Yredelemnul
Zin
The Shining One

Shops:
D:2 (

Annotations:
D:5 Menkaure
D:7 1 runed translucent door, Loveship's ghost, novice DsTm
D:8 Amaemon


Innate Abilities, Weirdness & Mutations

You cannot wear most types of armour.
You are amphibious.
You can wear up to eight rings at the same time.
Your skin changes colour to match your surroundings (Stealth+).
Your rubbery body absorbs attacks. (AC +1, EV +1)
((You are camouflaged when in or above water. (Stealth+)))
You have tentacles for arms and can constrict up to eight enemies at once.


Message History

You are poisoned.
The scorpion poisons you!
Amaemon casts a spell at the scorpion.
The scorpion seems to grow toxic.
You hear a screech!
You feel much better.
You feel sick.
You hear a shout!
The centaur closely misses you. The centaur kicks you. The scorpion misses you.
Amaemon mumbles some strange words.
You hear a shout!
You feel very mighty all of a sudden.
You feel sick. The centaur misses you.
The centaur kicks you but does no damage.
The scorpion stings you. The centaur hits you. The centaur kicks you.
The gnoll bouda gazes fiercely through you!
You feel your attacks grow feeble.
Amaemon points at the scorpion and mumbles some strange words.
The scorpion seems to grow toxic.
You closely miss Amaemon. Your grab misses Amaemon. You squeeze Amaemon.
Amaemon is heavily wounded.
You feel sick. The centaur hits you. The centaur kicks you.
The scorpion stings you.
You are more poisoned.
You have difficulty breathing.
* * * LOW HITPOINT WARNING * * *
You feel yourself slow down.
Amaemon hits you with a +0 demon whip of venom!
* * * LOW HITPOINT WARNING * * *
You are lethally poisoned!
Amaemon completely misses you. Amaemon closely misses you.
Okay, then.
Casting: Lesser Beckoning (safe; 1% risk of failure)
Confirm with . or Enter, or press ? or * to list all spells.
You blink.
* * * LOW HITPOINT WARNING * * *
You feel very sick.
The scorpion disappears in a puff of smoke!
The centaur wields a +0 shortbow.
The centaur shoots an arrow.
The arrow hits you!
You die...

.**#..............#...#........#.
.######...........#..............
....###...........#..............
....)...........................#
....####........................#
....#####...###......#.......##..
.....................#........#..
....#######..........#........#..
......######....@..........##..,#
...........................##,,,#
.............................,,,#
.............................,,,#
.................)...........,,,>
...............#..#...c......***,
...............#..+..§ss.....###+
...............#.##.s§6..........
...............#.................


You could see Amaemon (very poisoned), a centaur and 3 scorpions.

Vanquished Creatures
  Joseph (D:7)
  A steam dragon (D:6)
  Edmund (D:5)
  An orc warrior (D:5)
  3 black bears
  A sky beast (D:8)
  3 ice beasts
  A centaur (D:7)
  2 phantoms
  A kobold brigand (D:8)
  4 scorpions
  A wyvern zombie (Ossuary)
  2 water moccasin zombies (Ossuary)
  A howler monkey (D:6)
  4 centaur zombies (Ossuary)
  5 jellies
  11 bullfrog zombies (Ossuary)
  2 hounds (D:5)
  An orc priest (D:5)
  A sleepcap (D:4)
  11 mummies (Ossuary)
  5 iguanas
  6 orc wizards
  A killer bee zombie (Ossuary)
  7 gnolls
  8 adders
  2 ufetubi
  3 worms
  2 dart slugs
  14 orcs
  10 ball pythons
  8 endoplasms
  2 giant cockroaches
  5 goblins
  8 hobgoblins
  5 quokkas
  6 bats
  2 frilled lizards
  8 kobolds
  7 rats
167 creatures vanquished.

Vanquished Creatures (others)
  2 fungi (D:5)
  6 withered plants (Ossuary)
8 creatures vanquished.

Grand Total: 175 creatures vanquished

Notes
Turn   | Place    | Note
-------+----------+-------------------------------------------
     0 | D:1      | BlueFish the Octopode Warper began the quest for the Orb.
     0 | D:1      | Reached XP level 1. HP: 14/14 MP: 3/3
   203 | D:1      | Reached skill level 1 in Stealth
   242 | D:1      | Reached XP level 2. HP: 17/19 MP: 5/5
   247 | D:1      | Learned a level 2 spell: Blink
   250 | D:1      | Learned a level 2 spell: Lesser Beckoning
   527 | D:2      | Reached skill level 2 in Stealth
   527 | D:2      | Reached XP level 3. HP: 7/24 MP: 6/6
   609 | D:2      | Found Ceitiavu's Weapon Emporium.
   671 | D:2      | Bought 5 atropa-tipped darts for 58 gold pieces
   840 | D:2      | Reached XP level 4. HP: 4/30 MP: 7/7
   993 | D:2      | Learned a level 3 spell: Teleport Other
  1272 | D:3      | Found a faded altar of an unknown god.
  1527 | D:3      | Reached skill level 3 in Stealth
  1564 | D:3      | Found a hide-covered altar of Uskayaw.
  1584 | D:3      | Reached XP level 5. HP: 35/35 MP: 8/8
  1743 | D:3      | Learned a level 1 spell: Sting
  2357 | D:4      | Reached skill level 1 in Poison Magic
  2595 | D:4      | Found a broken altar of Ashenzari.
  2630 | D:4      | Reached XP level 6. HP: 28/41 MP: 6/9
  2633 | D:4      | Learned a level 2 spell: Poisonous Vapours
  3749 | D:4      | Reached skill level 4 in Stealth
  3994 | D:5      | Entered Level 5 of the Dungeon
  3996 | D:5      | Noticed Edmund
  4005 | D:5      | Noticed an ice beast
  4008 | D:5      | Killed Edmund
  4009 | D:5      | Reached skill level 1 in Transmutations
  4009 | D:5      | Reached XP level 7. HP: 10/45 MP: 2/11
  4082 | D:5      | Noticed Menkaure
  4539 | D:5      | Learned a level 1 spell: Beastly Appendage
  4721 | D:5      | Reached skill level 1 in Evocations
  4925 | D:5      | Reached skill level 5 in Stealth
  5277 | D:5      | Reached XP level 8. HP: 52/52 MP: 7/12
  5328 | D:5      | Learned a level 2 spell: Wereblood
  6098 | D:5      | Reached skill level 6 in Stealth
  6467 | D:6      | Found a blossoming altar of Fedhas.
  7015 | D:6      | Reached XP level 9. HP: 50/58 MP: 9/14
  7080 | D:6      | Found a burning altar of Makhleb.
  7080 | D:6      | Found a sparkling altar of Nemelex Xobeh.
  7112 | D:6      | Reached skill level 5 in Poison Magic
  7183 | D:6      | Reached skill level 7 in Stealth
  7737 | D:7      | Noticed Joseph
  7889 | D:7      | Found a staircase to the Ecumenical Temple.
  7899 | Temple   | Entered the Ecumenical Temple
  7980 | Temple   | Became a worshipper of Cheibriados the Contemplative
  8321 | D:7      | Found a runed translucent door.
  8322 | D:7      | Noticed Loveship's ghost (novice DsTm)
  8415 | D:7      | Killed Joseph
  8891 | D:8      | Found a sand-covered staircase.
  8899 | Ossuary  | Entered an ossuary
  8977 | Ossuary  | Reached skill level 1 in Invocations
  9093 | Ossuary  | Reached skill level 8 in Stealth
  9093 | Ossuary  | Reached skill level 5 in Translocations
  9139 | Ossuary  | Learned a level 3 spell: Spider Form
  9234 | Ossuary  | Reached * piety under Cheibriados
  9270 | Ossuary  | Reached XP level 10. HP: 57/65 MP: 13/16
  9351 | D:8      | Noticed an orange demon
  9354 | D:8      | Noticed Amaemon
  9566 | D:8      | Shot with an arrow by a centaur

Illustrated notes

Levels and vault maps discovered:
D:1:      minmay_arrival_semitransparent, layout_rooms
D:2:      layout_rooms, serial_shops, shop_statue
D:3:      layout_basic, lemuel_crystal_altar, nicolae_ecumenical_pavilion,
          serial_curves, eino_curves_03, eino_curves_03
D:4:      layout_layer_cave, kennysheep_mini, nrook_mini_backslash,
          chequers_serial_rivers_small_b, roderic_roman_lattice
D:5:      layout_basic, nrook_uturn, dreamdust_mushroom_princess, uniq_edmund,
          uniq_menkaure
D:6:      layout_loops_cross, gammafunk_temple_overflow_statue,
          nicolae_overflow_hidden_temple, grunt_ministairs_12
D:7:      layout_loops_cross, minmay_temple_entry_glass,
          ebering_ghost_reflecting_pool, uniq_joseph
D:8:      layout_basic, nicolae_ossuary_entry_giza, uniq_amaemon
Temple:   minmay_crystal_spiral_temple

Skill      XL: |  1  2  3  4  5  6  7  8  9 10 |
---------------+-------------------------------+-----
Stealth        | 1 2 3 4 5 6 8 |  8.3
Poison Magic   | 1 2 3 4 6 |  6.4
Throwing       | 2 3 4 |  4.0
Dodging        | 3 4 |  4.7
Fighting       | 3 4 |  4.5
Unarmed Combat | 3 4 |  4.5
Transmutations | 1 2 3 |  3.3
Spellcasting   | 3 4 |  4.1
Translocations | 4 5 |  5.1
Evocations     | 1 2 3 |  3.6
Invocations    | 1 |  1.9

Action                     |  1- 3 |  4- 6 |  7- 9 | 10-12 || total
---------------------------+-------+-------+-------+-------++-------
  Melee: Unarmed           |    64 |   119 |   151 |    24 ||   358
         Constrict         |    11 |    33 |    37 |     3 ||    84
         Tentacles         |    11 |    25 |    51 |     7 ||    94
         Punch             |     2 |     1 |     7 |     2 ||    12
         Kick              |       |       |    44 |       ||    44
  Throw: Stone             |       |     2 |     3 |       ||     5
         Dart              |       |     4 |    14 |       ||    18
         Boomerang         |       |       |    20 |       ||    20
   Cast: Sting             |       |    19 |    40 |     1 ||    60
         Poisonous Vapours |       |    21 |    65 |    13 ||    99
         Teleport Other    |       |       |     7 |     1 ||     8
         Beastly Appendage |       |       |    23 |     1 ||    24
         Blink             |       |       |     3 |     1 ||     4
         Lesser Beckoning  |       |       |     6 |     3 ||     9
         Wereblood         |       |       |     1 |       ||     1
    Use: Potion            |       |       |     1 |     3 ||     4
         Scroll            |       |       |    10 |     1 ||    11
   Stab: Sleeping          |     5 |    14 |     2 |       ||    21
         Distracted        |       |     1 |     1 |     1 ||     3
 Armour: Skin              |     2 |     1 |     5 |     5 ||    13
  Dodge: Dodged            |    30 |    60 |    78 |    37 ||   205

Table legend: (Time is in decaauts)
 A = Elapsed time spent in this place.
 B = Non-inter-level travel time spent in this place.
 C = Inter-level travel time spent in this place.
 D = Time resting spent in this place.
 E = Time spent auto-exploring this place.
 F = Levels seen in this place.
 G = Mean time per level.
                   A        B        C        D        E       F      G
               +--------+--------+--------+--------+--------+-----+--------+
         Total |   9852 |   9230 |    622 |     71 |   7443 |  10 |  985.2 |
       Dungeon |   9092 |   8576 |    516 |     71 |   7042 |   8 | 1136.5 |
        Temple |    248 |    143 |    105 |      0 |    122 |   1 |  248.0 |
       Ossuary |    511 |    511 |      0 |      0 |    278 |   1 |  511.0 |
               +--------+--------+--------+--------+--------+-----+--------+

Top non-repeatable levels by time:
     D:4: 2207 daAuts
     D:5: 2011 daAuts
     D:6: 1173 daAuts
     D:7: 1146 daAuts
     D:3: 917 daAuts
     D:2: 768 daAuts
 Ossuary: 511 daAuts
     D:1: 498 daAuts
     D:8: 367 daAuts
  Temple: 248 daAuts
